AoeStats
← 用爱感化队友

Arena

510345199Analyzed
4v4 RM · 2d ago on Sep 30, 2026· 35m 3s· 8 players
Game mode
Random Map
Map size
Large (8 player)
Population
200
Speed
Normal
Resources
Standard
Victory
Conquest
Starting age
Dark Age
Ending age
Imperial Age
RankedLock teamsTeams togetherTeam positionsShared explorationLock speedFull tech treeHidden civsTurbo modeCheats
Victory
Defeat
🇹🇼 Persians · Taiwan
1346
+16
🇹🇼 Italians · Taiwan
1342
+16
🇨🇳 Turks · China
1298
+18
🇨🇳 Franks · China
1235
+19
🇨🇳 Khmer · China
1350
-18
🇺🇾 Spanish · Uruguay
1340
-18
🇸🇬 Burgundians · Singapore
1336
-17
🇨🇳 Byzantines · China
1311
-16
8316699
4:08 Double-Bit Axe
6:38 Horse Collar
11:09 Feudal Age
14:43 Castle Age
13:11 Bow Saw
13:43 Bow Saw
14:18 Heavy Plow
20:45 Wheelbarrow
22:44 Cavalier
23:25 Husbandry
24:06 Loom
28:38 Hand Cart
28:17 Gold Mining
28:19 Stone Mining
28:55 Scale Barding Armor
29:01 Forging
30:05 Chain Barding Armor
30:21 Gold Shaft Mining
30:48 Two-Man Saw
30:19 Crop Rotation
33:30 Iron Casting
36:01 Imperial Age
rama xstar
10:39 Feudal Age
11:32 Double-Bit Axe
14:35 Castle Age
15:09 Loom
15:45 Bow Saw
15:56 Horse Collar
32:48 Imperial Age
用爱感化队友
10:14 Feudal Age
14:23 Castle Age
13:03 Double-Bit Axe
22:28 Wheelbarrow
23:53 Bow Saw
23:26 Horse Collar
27:58 Imperial Age
25:18 Loom
25:30 Gold Mining
25:30 Stone Mining
25:57 Scale Barding Armor
26:32 Forging
27:29 Chain Barding Armor
27:37 Hand Cart
28:45 Iron Casting
29:46 Gold Shaft Mining
29:47 Stone Shaft Mining
29:20 Husbandry
29:21 Heavy Camel Rider
31:19 Plate Barding Armor
34:27 Heavy Plow
34:53 Conscription
missed and miss
10:32 Feudal Age
13:20 Castle Age
11:09 Double-Bit Axe
11:07 Horse Collar
17:06 Loom
21:49 Wheelbarrow
20:58 Man-at-Arms
22:19 Long Swordsman
26:21 Scale Mail Armor
28:09 Pikeman
30:59 Bow Saw
31:57 Chain Mail Armor
31:53 Forging
33:42 Hand Cart
好好好吃蛋餅
10:51 Feudal Age
11:44 Loom
14:50 Castle Age
13:08 Double-Bit Axe
13:17 Horse Collar
13:49 Gold Mining
17:18 Scale Barding Armor
18:56 Bow Saw
21:34 Bloodlines
23:30 Heavy Plow
26:52 Chain Barding Armor
28:50 Wheelbarrow
29:19 Forging
30:31 Gold Mining
31:27 Hand Cart
31:32 Pikeman
32:45 Husbandry
33:24 Iron Casting
33:27 Gold Shaft Mining
35:36 Imperial Age
33:11 Scale Mail Armor
35:10 Chain Mail Armor
SimonGood
10:57 Feudal Age
12:00 Double-Bit Axe
14:45 Castle Age
12:44 Horse Collar
15:38 Bow Saw
24:45 Heavy Plow
29:29 Wheelbarrow
29:42 Gold Mining
32:29 Imperial Age
29:55 Loom
30:32 Stone Mining
31:18 Gold Shaft Mining
31:29 Padded Archer Armor
32:52 Leather Archer Armor
32:50 Elite Janissary
34:11 Hand Cart
34:45 Ring Archer Armor
35:29 Conscription
945100118
10:45 Feudal Age
14:24 Castle Age
12:52 Double-Bit Axe
22:41 Bow Saw
23:34 Gold Mining
27:35 Imperial Age
26:15 Gold Shaft Mining
25:31 Stone Mining
26:09 Scale Barding Armor
26:14 Forging
27:17 Wheelbarrow
26:28 Town Watch
26:29 Loom
27:43 Cavalier
28:25 Husbandry
28:48 Chain Barding Armor
29:04 Iron Casting
29:22 Paladin
30:36 Chivalry
31:51 Ordonnance Companies
33:47 Plate Barding Armor
33:12 Scale Mail Armor
34:13 Blast Furnace
34:03 Elite Throwing Axeman
36:03 Chemistry
2手下留情1
10:56 Feudal Age
10:43 Loom
15:23 Castle Age
13:10 Loom
13:17 Double-Bit Axe
13:54 Horse Collar
16:16 Gold Mining
16:58 Bow Saw
24:03 Imperial Age
21:32 Fletching
25:19 Wheelbarrow
26:17 Two-Man Saw
25:54 Bodkin Arrow
28:34 Chemistry
28:07 Stone Mining
29:53 Stone Shaft Mining
29:43 Ballistics
32:05 Hand Cart
Connection lost

Rejoining the realm…

Still unreachable

The connection could not be restored.

Session expired

The server has moved on; the page needs a fresh start.